 Dungeon Crawl Stone Soup version 0.30-a0-553-g7fabdf1491 (webtiles) character file.

Game seed: 5647724584114238910

7672 Zonian the Skirmisher (level 10, -11/50 HPs)
             Began as a Deep Elf Air Elementalist on Dec 26, 2022.
             Was an Initiate of Gozag.
             Mangled by an ogre
             ... wielding a +0 giant club
             ... led by Lodul
              (17 damage)
             ... on level 10 of the Dungeon.
             The game lasted 00:35:26 (16689 turns).

Zonian the Skirmisher (Deep Elf Air Elementalist)  Turns: 16689, Time: 00:35:27

Health: -11/50     AC:  9    Str:  5    XL:     10   Next: 99%
Magic:  0/25       EV: 13    Int: 23    God:    Gozag
Gold:   834        SH:  4    Dex: 23    Spells: 12/27 levels left

rFire   + . .      SeeInvis .    f - +5 sling (freeze)
rCold   + . .      Faith    .    g - +0 buckler
rNeg    . . .      Spirit   +    a - +0 robe
rPois   .          Reflect  .    (no helmet)
rElec   .          Harm     .    R - scarf {rC+ rF+}
rCorr   .          Rampage  .    x - +0 pair of gloves
Will    +....                    i - +1 pair of boots
Stlth   +++                      V - amulet of guardian spirit
HPRegen 0.28/turn                q - +6 ring of dexterity
MPRegen 0.19/turn                h - +4 ring of protection

@: gold aura
A: no striking features
a: Renounce Religion, Potion Petition, Call Merchant, Bribe Branch


You were on level 10 of the Dungeon.
You worshipped Gozag.
Gozag was pleased with you.
You visited 2 branches of the dungeon, and saw 11 of its levels.

You collected 1475 gold pieces.
You spent 527 gold pieces at shops.
You paid 114 gold pieces to Gozag.

Inventory:

Hand Weapons
 c - a +0 dagger
 d - a +1 flail of chaos
 f - a +5 sling of freezing (weapon)
 v - a +1 dagger of venom
 z - a +0 shortbow
 P - a +2 shortbow of draining
Missiles
 L - 2 throwing nets
 Q - 5 curare-tipped darts
 T - 3 boomerangs
Armour
 a - a +0 robe (worn)
 g - a +0 buckler (worn)
 i - a +1 pair of boots (worn)
 x - a +0 pair of gloves (worn)
 H - an orb of light
 K - a +1 cloak
 R - a scarf of resistance (worn)
 U - the +0 ring mail of the Shining Light {rN+ rCorr Int+2 Stlth-}
   (You found it on level 3 of the Dungeon)

   Int:       It affects your intelligence (+2).
   rN:        It protects you from negative energy.
   rCorr:     It protects you from acid and corrosion.
   Stlth:     It makes you less stealthy.
Jewellery
 h - a +4 ring of protection (right hand)
 q - a +6 ring of dexterity (left hand)
 r - a ring of ice
 s - a ring of magical power
 t - a +4 ring of protection
 w - a +6 ring of strength
 G - a ring of ice
 I - a ring of protection from fire
 V - an amulet of guardian spirit (around neck)
Wands
 k - a wand of light (3)
 n - a wand of mindburst (4)
 u - a wand of charming (5)
 E - a wand of roots (13)
 N - a wand of flame (26)
 S - a wand of digging (3)
Scrolls
 m - 2 scrolls of fear
 o - 3 scrolls of blinking
 p - 2 scrolls of teleportation
 y - a scroll of poison
 A - 3 scrolls of amnesia
 B - 4 scrolls of fog
 D - 2 scrolls of identify
Potions
 b - 2 potions of magic
 e - a potion of lignification
 j - 3 potions of haste
 l - a potion of mutation
 C - a potion of resistance
 F - 3 potions of flight
 J - 5 potions of curing
 M - a potion of attraction
 O - a potion of heal wounds


   Skills:
 - Level 14.0 Ranged Weapons
 - Level 3.3 Dodging
 - Level 3.4 Stealth
 + Level 9.3 Spellcasting
 + Level 7.4 Conjurations
 + Level 3.2 Translocations
 + Level 7.4 Air Magic
 + Level 3.9 Poison Magic


You had 12 spell levels left.
You knew the following spells:

 Your Spells              Type           Power      Damage    Failure   Level
a - Shock                 Conj/Air       100%       1d9       1%          1
b - Static Discharge      Conj/Air       90%        2-6/arc   1%          2
c - Swiftness             Air            45%        N/A       1%          3
d - Airstrike             Air            22%        2d(4-20)  3%          4
e - Mephitic Cloud        Conj/Pois/Air  39%        N/A       1%          3
f - Blink                 Tloc           50%        N/A       3%          2

Your spell library contained the following spells:

 Spells                   Type           Power      Damage    Failure   Level
 Magic Dart               Conj           100%       1d8       1%          1
 Momentum Strike          Conj/Tloc      70%        3d9       1%          2
 Kindle Blastsparks       Fire/Tloc/Air  54%        2d14      6%          3
 Lesser Beckoning         Tloc           50%        N/A       7%          3
 Beastly Appendage        Tmut           20%        N/A       9%          1
 Spider Form              Tmut/Pois      19%        N/A       11%         3
 Call Imp                 Summ           10%        N/A       12%         2
 Sublimation of Blood     Necr           10%        N/A       12%         2
 Wereblood                Tmut           10%        N/A       12%         2
 Portal Projectile        Hex/Tloc       36%        N/A       13%         3
 Ignite Poison            Fire/Tmut/Pois 16%        N/A       14%         3
 Inner Flame              Hex/Fire       10%        N/A       24%         3
 Tukima's Dance           Hex            10%        N/A       24%         3
 Freezing Cloud           Conj/Ice/Air   16%        6-21      30%         5
 Irradiate                Conj/Tmut      13%        3d16      45%         5
 Cause Fear               Hex            5%         N/A       63%         4
 Leda's Liquefaction      Hex/Erth       5%         N/A       63%         4
 Petrify                  Tmut/Erth      10%        N/A       63%         4
 Blade Hands              Tmut           5%         N/A       92%         5
 Lee's Rapid Deconstruct  Erth           5%         3d6*      92%         5
 Statue Form              Tmut/Erth      6%         N/A       100%        6
 Discord                  Hex            5%         N/A       100%        8


Dungeon Overview and Level Annotations

Branches:
Dungeon (10/15)            Temple (1/1) D:6            Lair (0/5) D:10
    Orc (0/2) D:10

Altars:
Ashenzari
Cheibriados
Dithmenos
Elyvilon
Fedhas
Gozag
Hepliaklqana
Kikubaaqudgha
Makhleb
Nemelex Xobeh
Okawaru
Qazlal
Ru
Sif Muna
Trog
Uskayaw
Vehumet
Wu Jian
Xom
Yredelemnul
Zin
The Shining One

Shops:
D:1 :   D:2 :(*   D:6 [(   D:7 (*(==   D:10 [(

Portals:
Abyss: D:10

Annotations:
D:10 2 transporters, Lodul; sirJeffrey23's ghost, novice DsFi


Message History

You are struck by an arc of lightning.
The lightning grounds out.
The ogre completely misses you.
Unknown command.
Casting: Static Discharge (safe; 1% risk of failure)
Confirm with . or Enter, or press ? or * to list all spells.
The ogre is struck by an arc of lightning.
You kill the ogre!
The ogre is struck by an arc of lightning.
The ogre is lightly wounded.
You are struck by an arc of lightning.
The ogre is struck by an arc of lightning.
The ogre is moderately wounded.
The lightning grounds out.
The ogre is struck by an arc of lightning.
The ogre is heavily wounded.
The ogre is struck by an arc of lightning.
The ogre is lightly wounded.
Lodul is struck by an arc of lightning.
Lodul is lightly wounded.
The ogre is struck by an arc of lightning!
The ogre is moderately wounded.
The ogre is struck by an arc of lightning.
The ogre is heavily wounded.
The lightning grounds out.
The ogre hits you with a +0 giant club!
Unknown command.
Casting: Static Discharge (safe; 1% risk of failure)
Confirm with . or Enter, or press ? or * to list all spells.
The ogre is struck by an arc of lightning.
The ogre is severely wounded.
The ogre is struck by an arc of lightning!
The ogre is heavily wounded.
The lightning grounds out.
The ogre is struck by an arc of lightning!
The ogre is severely wounded.
You are struck by an arc of lightning.
The lightning grounds out.
The ogre hits you with a +0 giant club!!
* * * LOW HITPOINT WARNING * * *
The ogre hits you with a +0 giant club!!
You die...
Your body crumbles into a pile of gold.

$ #...$ #.... #
##...! .# ##./.. ..#
.O.. ... #O. .. #
#O♣O# #. ♣@OO♣ ##.##
##♣.# #....
####'###### #....
#......>..### #....
#.......))'.# #....
#.........#[####....
#.......).#....#....
#####'########......
#.### ###....


You could see Lodul and 5 ogres.

Vanquished Creatures
  3 kobold demonologists (D:10)
  Prince Ribbit (D:5)
  A wraith (D:9)
  A wyvern (D:9)
  8 yaks
  A steam dragon (D:8)
  3 vampire mosquitoes (D:10)
  Menkaure (D:6)
  2 acid dragons
  Duvessa (D:7)
  2 water moccasins
  An ice beast (D:8)
  3 orc warriors
  A sky beast (D:8)
  2 black bears
  4 ogres
  4 centaurs
  4 kobold brigands
  A bullfrog (D:7)
  3 scorpions
  A necrophage (D:6)
  8 wights
  Dowan (D:7)
  19 killer bees
  A howler monkey (D:9)
  2 vampire bats (D:3)
  2 gnoll boudas
  4 orc priests
  3 hounds
  Crazy Yiuf (D:6)
  2 iguanas (D:5)
  5 orc wizards
  17 gnolls
  5 adders
  2 white imps (D:7)
  2 ufetubi (D:5)
  2 worms (D:3)
  4 dart slugs
  27 orcs
  5 bats (D:3)
  4 endoplasms
  6 giant cockroaches
  7 goblins
  5 hobgoblins
  5 jackals
  20 kobolds
  2 quokkas
  5 ball pythons
  5 frilled lizards
  5 rats
224 creatures vanquished.

Vanquished Creatures (others)
  3 plants
3 creatures vanquished.

Grand Total: 227 creatures vanquished

Notes
Turn   | Place    | Note
-------+----------+-------------------------------------------
     0 | D:1      | Zonian the Deep Elf Air Elementalist began the quest for
                  | the Orb.
     0 | D:1      | Reached XP level 1. HP: 10/10 MP: 6/6
   356 | D:1      | Found Gimoafi's Vocational Training.
   467 | D:1      | Reached XP level 2. HP: 15/15 MP: 5/8
  1103 | D:2      | Reached XP level 3. HP: 19/19 MP: 5/9
  1106 | D:2      | Learned a level 2 spell: Static Discharge
  1145 | D:2      | Found Zoxt's Assorted Antiques.
  1151 | D:2      | Bought a scroll labelled CEHAOH IHIX for 25 gold pieces
  1303 | D:2      | Found Voletay's Antique Weapon Boutique.
  1522 | D:2      | Found Mykos's Book Boutique.
  2185 | D:3      | Reached XP level 4. HP: 20/24 MP: 0/11
  2374 | D:3      | Identified a scroll of acquirement
  2374 | D:3      | Acquired a +4 sling of freezing
  2381 | D:3      | Learned a level 3 spell: Swiftness
  2397 | D:3      | Reached skill level 1 in Ranged Weapons
  2429 | D:3      | Reached XP level 5. HP: 28/28 MP: 13/13
  2993 | D:3      | Identified the +0 ring mail of the Shining Light {rN+ rCorr
                  | Int+2 Stlth-}
  3729 | D:4      | Reached skill level 2 in Ranged Weapons
  4272 | D:5      | Entered Level 5 of the Dungeon
  4282 | D:5      | Found a hazy altar of Hepliaklqana.
  4348 | D:5      | Noticed a water moccasin
  4569 | D:5      | Killed a water moccasin
  4570 | D:5      | Reached skill level 5 in Spellcasting
  4570 | D:5      | Reached XP level 6. HP: 10/32 MP: 10/15
  4827 | D:5      | Reached skill level 3 in Ranged Weapons
  4972 | D:5      | Reached skill level 4 in Ranged Weapons
  4983 | D:5      | Reached skill level 5 in Ranged Weapons
  4983 | D:5      | Reached XP level 7. HP: 22/36 MP: 1/16
  5232 | D:5      | Noticed Prince Ribbit
  5245 | D:5      | Reached skill level 6 in Ranged Weapons
  5247 | D:5      | Killed Prince Ribbit
  5248 | D:5      | Reached skill level 7 in Ranged Weapons
  5722 | D:5      | Reached skill level 8 in Ranged Weapons
  6604 | D:5      | Reached skill level 9 in Ranged Weapons
  6604 | D:5      | Reached XP level 8. HP: 9/41 MP: 17/17
  7012 | D:6      | Found a staircase to the Ecumenical Temple.
  7025 | Temple   | Entered the Ecumenical Temple
  7127 | Temple   | Became a worshipper of Gozag Ym Sagoz the Greedy
  7304 | D:6      | Reached skill level 10 in Ranged Weapons
  7401 | D:6      | Noticed Menkaure
  7404 | D:6      | Killed Menkaure
  7694 | D:6      | Found Gakhopad's Armour Shop.
  7769 | D:6      | Found Getiruh's Antique Weapon Emporium.
  7788 | D:6      | Found a broken altar of Ashenzari.
  7965 | D:6      | Found a runed translucent door.
  7966 | D:6      | Noticed Crazy Yiuf
  7974 | D:6      | Killed Crazy Yiuf
  8232 | D:6      | Reached skill level 11 in Ranged Weapons
  8240 | D:6      | Found a glowing silver altar of Zin.
  8347 | D:7      | Found Supeog's Jewellery Boutique.
  8347 | D:7      | Found Boirhoir's Antique Weapon Shoppe.
  8353 | D:7      | Found Raopp's Jewellery Shop.
  8415 | D:7      | Reached skill level 12 in Ranged Weapons
  8575 | D:7      | Noticed Dowan
  8591 | D:7      | Killed Dowan
  8595 | D:7      | Reached XP level 9. HP: 35/45 MP: 18/18
  8843 | D:7      | Noticed Duvessa
  9290 | D:7      | Reached skill level 13 in Ranged Weapons
  9303 | D:7      | Killed Duvessa
 10111 | D:7      | Found Mepidots's Assorted Antiques.
 10119 | D:7      | Bought a potion of curing for 63 gold pieces
 10119 | D:7      | Bought a scroll labelled JOUQOY IFOQ for 21 gold pieces
 10139 | D:7      | Found a shimmering blue altar of Sif Muna.
 10171 | D:7      | Found a stormy altar of Qazlal.
 10244 | D:7      | Found Kipify's Weapon Emporium.
 10258 | D:7      | Learned a level 4 spell: Airstrike
 10653 | D:8      | Reached skill level 14 in Ranged Weapons
 10921 | D:8      | Reached skill level 5 in Air Magic
 11496 | D:8      | Found an ornate altar of the Wu Jian Council.
 11515 | D:8      | Reached skill level 5 in Conjurations
 11995 | D:9      | Reached XP level 10. HP: 29/50 MP: 18/23
 12420 | D:9      | Learned a level 3 spell: Mephitic Cloud
 12512 | D:7      | Bought a glowing scarf for 168 gold pieces
 12700 | D:2      | Bought a potion of curing for 75 gold pieces
 12700 | D:2      | Bought a crooked ivory wand for 100 gold pieces
 12700 | D:2      | Bought a potion of curing for 75 gold pieces
 13075 | D:9      | Found an ancient bone altar of Kikubaaqudgha.
 13423 | D:9      | Learned a level 2 spell: Blink
 13512 | D:9      | Reached skill level 1 in Poison Magic
 15120 | D:10     | Entered Level 10 of the Dungeon
 15139 | D:10     | Reached skill level 1 in Translocations
 15409 | D:10     | Noticed a great orb of eyes
 15465 | D:10     | Found a one-way gate to the infinite horrors of the Abyss.
 15465 | D:10     | Noticed sirJeffrey23's ghost (novice DsFi)
 15492 | D:10     | Found a transporter.
 15492 | D:10     | Found a transporter.
 15496 | D:10     | Found a staircase to the Lair.
 15500 | D:10     | Noticed a sixfirhy
 15503 | D:10     | Noticed a rakshasa
 15730 | D:10     | Noticed a large abomination
 15759 | D:10     | Found Ynymnar's Weapon Boutique.
 15772 | D:10     | Noticed a sun demon
 16349 | D:10     | Found a staircase to the Orcish Mines.
 16675 | D:10     | Found Nuyrru's Antique Armour Shoppe.
 16683 | D:10     | Noticed Lodul
 16689 | D:10     | Mangled by an ogre

Illustrated notes

Levels and vault maps discovered:
D:1:      ebering_hopf_link, layout_loops_ring, chequers_avenue,
          serial_bayou_ford_a, minmay_misc_feat_room, nicolae_shop_vocational
D:2:      layout_loops_ring, serial_shops, shop, nicolae_square_shop,
          shop_fountains
D:3:      layout_basic, serial_forest, infiniplex_forest_clump_C,
          infiniplex_forest_join, infiniplex_forest_clump_small,
          infiniplex_forest_lined_2, infiniplex_forest_lined_room_2,
          infiniplex_forest_end_1, minmay_fountain_box, st_stairs_4,
          grunt_ministairs_9, roderic_batcave, minmay_misc_feat_four_crosses
D:4:      layout_basic, st_stairs_13
D:5:      layout_loops_corners, mainiacjoe_overflow_small_starburst,
          minmay_quadrilaterals, uniq_prince_ribbit1
D:6:      layout_basic, nicolae_ashenzari_panopticon,
          nicolae_overflow_hidden_temple, temple_statues, serial_shops, shop,
          nicolae_shop_hallway_stairs, uniq_crazy_yiuf_cottage, uniq_menkaure
D:7:      layout_rooms, lemuel_round_altar, lemuel_blue_sif_altar, serial_shops,
          shop, nicolae_shop_stone, nicolae_lakefront_shop, shop,
          nicolae_take_the_stairs, uniq_duvessa
D:8:      layout_loops_cross, lemuel_coloured_pillars_altar
D:9:      layout_irregular_city, nicolae_kikubaaqudgha_miasma_corner
D:10:     layout_roguey, lair_entry_dummy, orc_0_dummy,
          gammafunk_ghost_abyssal_escape, serial_shops,
          nicolae_shop_bloodbath_and_beyond, nicolae_shop_trees, shop_fountains,
          shop, kennysheep_diamond, uniq_josephine, uniq_lodul
Temple:   eino_wide_crystal_templ

Skill      XL: |  1  2  3  4  5  6  7  8  9 10 |
---------------+-------------------------------+-----
Stealth        | 3 |  3.4
Dodging        | 3 |  3.3
Conjurations   | 2 3 5 7 |  7.4
Ranged Weapons | 1 2 5 9 12 14 | 14.0
Spellcasting   | 4 5 7 9 |  9.3
Air Magic      | 4 6 7 |  7.4
Poison Magic   | 3 |  3.9
Translocations | 3 |  3.2

Action                   |  1- 3 |  4- 6 |  7- 9 | 10-12 || total
-------------------------+-------+-------+-------+-------++-------
Melee: Flail             |     3 |     3 |       |       ||     6
 Fire: Sling             |       |   104 |   312 |   121 ||   537
 Cast: Shock             |    82 |       |       |     2 ||    84
       Static Discharge  |       |     9 |    24 |    59 ||    92
       Blink             |       |       |       |     1 ||     1
Evoke: Wand              |       |       |     1 |     3 ||     4
  Use: Scroll            |       |     9 |    15 |     2 ||    26
       Potion            |       |     3 |     3 |     1 ||     7
Armor: Robe              |     4 |    10 |    21 |    24 ||    59
       Skin              |       |    22 |       |       ||    22
Dodge: Dodged            |    14 |    41 |    48 |    51 ||   154
Block: Buckler           |       |       |    13 |    20 ||    33

Table legend: (Time is in decaauts)
 A = Elapsed time spent in this place.
 B = Non-inter-level travel time spent in this place.
 C = Inter-level travel time spent in this place.
 D = Time resting spent in this place.
 E = Time spent auto-exploring this place.
 F = Levels seen in this place.
 G = Mean time per level.
                   A        B        C        D        E       F      G
               +--------+--------+--------+--------+--------+-----+--------+
         Total |  16666 |  15112 |   1554 |   6600 |   6173 |  11 | 1515.1 |
       Dungeon |  16544 |  15010 |   1534 |   6600 |   6133 |  10 | 1654.4 |
        Temple |    122 |    102 |     20 |      0 |     40 |   1 |  122.0 |
               +--------+--------+--------+--------+--------+-----+--------+

Top non-repeatable levels by time:
     D:9: 2602 daAuts
     D:5: 2516 daAuts
     D:6: 2352 daAuts
    D:10: 1555 daAuts
     D:4: 1537 daAuts
     D:2: 1293 daAuts
     D:3: 1261 daAuts
     D:7: 1221 daAuts
     D:8: 1106 daAuts
     D:1: 1097 daAuts
  Temple: 122 daAuts
